 Dungeon Crawl Stone Soup version 0.28.0 (webtiles) character file.

Game seed: 14075106333932015925

64 Sanktem7 the Sneak (level 3, 0/16 HPs)
             Began as a Spriggan Enchanter on Feb 10, 2022.
             Slain by a goblin (3 damage)
             ... on level 2 of the Dungeon.
             The game lasted 00:09:26 (2692 turns).

Sanktem7 the Sneak (Spriggan Enchanter)             Turns: 2692, Time: 00:09:27

Health: 0/16       AC:  2    Str:  4    XL:     3   Next: 91%
Magic:  0/8        EV: 17    Int: 18    God:
Gold:   33         SH:  0    Dex: 15    Spells: 5/7 levels left

rFire   . . .      SeeInvis +   a - +1 dagger
rCold   . . .      Faith    .   (no shield)
rNeg    . . .      Spirit   .   b - +0 robe
rPois   .          Reflect  .   (helmet restricted)
rElec   .          Harm     .   (no cloak)
rCorr   .          Rampage  .   (gloves unavailable)
Will    +....                   (boots unavailable)
Stlth   +++.......              (no amulet)
HPRegen 0.05/turn               i - ring of willpower
MPRegen 0.11/turn               (no ring)

@: very quick
A: very small, no large weapons, unfitting armour, see invisible, speed 3
a: no special abilities


You were on level 2 of the Dungeon.
You visited 1 branch of the dungeon, and saw 2 of its levels.

You collected 33 gold pieces.

Inventory:

Hand Weapons
 a - a +1 dagger (weapon)
Armour
 b - a +0 robe (worn)
Jewellery
 i - a ring of willpower (left hand)
Scrolls
 e - a scroll of identify {unknown}
 g - a scroll of enchant armour {unknown}
Potions
 c - a potion of invisibility
 d - a potion of heal wounds {unknown}
 f - 3 potions of might {unknown}
 h - a potion of curing {unknown}


   Skills:
 - Level 1.1 Short Blades
 + Level 3.0 Dodging
 * Level 6.4 Stealth
 - Level 2.6 Spellcasting
 * Level 4.3 Hexes
 + Level 0.3 Ice Magic


You had 5 spell levels left.
You knew the following spells:

 Your Spells              Type           Power      Damage    Failure   Level
a - Ensorcelled Hibernat  Hex/Ice        20%        N/A       10%         2

Your spell library contained the following spells:

 Spells                   Type           Power      Damage    Failure   Level
 Confusing Touch          Hex            18%        N/A       9%          3
 Tukima's Dance           Hex            18%        N/A       9%          3
 Dazzling Flash           Conj/Hex       20%        N/A       21%         3
 Ignite Poison            Fire/Tmut/Pois 2%         N/A       45%         3
 Mephitic Cloud           Conj/Pois/Air  2%         N/A       45%         3
 Freezing Cloud           Conj/Ice/Air   1%         6-21      99%         5


Dungeon Overview and Level Annotations

Branches:
Dungeon (2/15)

Altars:


Innate Abilities, Weirdness & Mutations

You are very small and have problems with some larger weapons.
You are too small for most types of armour.
You have supernaturally acute eyesight. (SInv)
You cover ground extremely quickly. (Speed+++)


Message History

Confirm with . or Enter, or press ? or * to list all spells.
You don't have enough magic to cast this spell.
You see here a dart slug corpse.
The helpless bat fails to defend itself.
You impale the bat!!
You kill the bat!
The rat completely misses you.
You hit the rat.
The rat is moderately wounded.
The goblin barely misses you. The rat bites you but does no damage.
Casting: Ensorcelled Hibernation (safe; 10% risk of failure)
Confirm with . or Enter, or press ? or * to list all spells.
Aiming: Ensorcelled Hibernation (safe; 10% risk of failure)
Press: ? - help, Shift-Dir - straight line, f - rat
Aim: a rat (moderately wounded, chance to affect: 62%)
The rat resists with significant effort.
The goblin hits you from afar with a +0 spear.
The rat bites you.
You hit the rat.
The rat is severely wounded.
The goblin barely misses you. The rat closely misses you.
You hit the rat.
You kill the rat!
The goblin misses you.
Things that are here:
14 gold pieces; a rat corpse The goblin barely misses you.
The goblin is no longer unusually resistant.
The goblin hits you but does no damage.
Casting: Ensorcelled Hibernation (safe; 10% risk of failure)
Confirm with . or Enter, or press ? or * to list all spells.
Aiming: Ensorcelled Hibernation (safe; 10% risk of failure)
Press: ? - help, Shift-Dir - straight line, f - goblin
Aim: a goblin, wielding a +0 spear and wearing a ring of willpower (chance to affect: 27%)
The goblin easily resists.
The goblin hits you from afar with a +0 spear.
* * * LOW HITPOINT WARNING * * *
The goblin hits you but does no damage. The goblin hits you with a +0 spear.
You die...

#.. #.# #.# #### #.# ... #!#
# ..####.## #######.###
........##########.#...<†...
#....g.........$.#†.###
#.....@........†..#....
##########.#.....###...
##.......#.##. ##.....#.##..
##....####.. #....# #.#
############....# #.#
#.......?.†.....# #.#
#.###.#####..#..# ##


You could see a goblin.

Vanquished Creatures
  An adder (D:2)
  2 dart slugs (D:2)
  3 endoplasms
  2 giant cockroaches (D:2)
  5 goblins
  3 hobgoblins
  5 jackals
  6 kobolds
  2 quokkas (D:2)
  4 ball pythons
  7 bats
  3 frilled lizards
  4 rats
47 creatures vanquished.

Notes
Turn   | Place    | Note
-------+----------+-------------------------------------------
     0 | D:1      | Sanktem7 the Spriggan Enchanter began the quest for the
                  | Orb.
     0 | D:1      | Reached XP level 1. HP: 9/9 MP: 5/5
   264 | D:1      | Reached XP level 2. HP: 12/13 MP: 6/6
   267 | D:1      | Learned a level 2 spell: Ensorcelled Hibernation
   318 | D:1      | Reached skill level 5 in Stealth
  1733 | D:2      | Reached XP level 3. HP: 16/16 MP: 5/8
  1826 | D:2      | Found a faded altar of an unknown god.
  2029 | D:2      | Reached skill level 6 in Stealth
  2692 | D:2      | Slain by a goblin

Illustrated notes

Levels and vault maps discovered:
D:1:      lightli_arrival_chessboard, layout_loops_corners, hangedman_decor_push
D:2:      minmay_chambers_of_twos, layout_loops_ring,
          hellmonk_ecumenical_altar_run_dry, chequers_serial_rivers_micro_b

Skill      XL: |  1  2  3 |
---------------+----------+-----
Stealth        | 5 6 |  6.4
Hexes          | 4 |  4.3
Dodging        | 3 |  3.0
Short Blades   | |  1.1
Spellcasting   | |  2.6
Ice Magic      | |  0.3

Action                   || total
-------------------------++-------
Melee: Dagger            ||   103
       Punch             ||     1
 Cast: Ensorcelled Hiber ||    41
 Stab: Sleeping          ||    33
Armor: Robe              ||    18
Dodge: Dodged            ||    81
